 Dungeon Crawl Stone Soup version 0.25-a0-317-g5f8687bca5 (webtiles) character file.

Game seed: 9523585432275056283, levelgen mode: deterministic

14 Pinwins the Conjurer (level 2, 0/17 HPs)
             Began as an Octopode Conjurer on Dec 26, 2019.
             Succumbed to an adder's poison
             ... on level 2 of the Dungeon.
             The game lasted 00:10:28 (1273 turns).

Pinwins the Conjurer (Octopode Conjurer)            Turns: 1273, Time: 00:10:29

Health: 0/17       AC:  1    Str:  7    XL:     2   Next: 45%
Magic:  2/5        EV:  8    Int: 17    God:
Gold:   42         SH:  9    Dex: 12    Spells: 4/5 levels left

rFire    . . .     SeeInvis .   j - +0 hand crossbow (curse)
rCold    + . .     Gourm    .   i - +0 large shield
rNeg     . . .     Faith    .   (helmet restricted)
rPois    .         Spirit   .   (no amulet)
rElec    .         Reflect  .   (no ring)
rCorr    .         Harm     .   e - ring of protection from cold
MR       .....                  (no ring)
Stlth    +++.......             (no ring)
HPRegen  0.05/turn              (no ring)
MPRegen  0.09/turn              (no ring)
                                (no ring)
                                (no ring)

@: lethally poisoned (0 -> -5), very slightly contaminated
A: almost no armour, stealthy swim, amphibious, 8 rings, constrict 8, camouflage
1, gelatinous body 1
a: no special abilities


You were on level 2 of the Dungeon.
You were very hungry.

You visited 1 branch of the dungeon, and saw 2 of its levels.

You collected 42 gold pieces.

Inventory:

Hand Weapons
 j - a cursed +0 hand crossbow (weapon)
Armour
 i - a +0 large shield (worn)
Jewellery
 d - a +2 ring of strength
 e - a ring of protection from cold (right tentacle)
Scrolls
 a - a scroll of immolation {unknown}
 c - 3 scrolls of identify {unknown}
 f - a scroll of fear {unknown}
 h - a scroll of remove curse
Potions
 g - 2 potions of heal wounds {unknown}
Comestibles
 b - 3 rations


   Skills:
 + Level 2.1 Dodging
 + Level 3.0 Stealth
 + Level 2.0 Spellcasting
 + Level 4.4 Conjurations


You had 4 spell levels left.
You knew the following spells:

 Your Spells              Type           Power        Failure   Level  Hunger
a - Magic Dart            Conj           ###.         63%         1    #......

Your spell library contained the following spells:

 Spells                   Type           Power        Failure   Level  Hunger
 Searing Ray              Conj           ###...       77%         2    ###....
 Dazzling Flash           Conj/Hex       #.....       99%         3    ###....
 Fulminant Prism          Conj/Hex       #.........   100%        4    #####..
 Iskenderun's Mystic Bla  Conj/Tloc      #.......     100%        4    #####..


Dungeon Overview and Level Annotations

Branches:
Dungeon (2/15)

Altars:


Innate Abilities, Weirdness & Mutations

You cannot wear most types of armour.
You are very stealthy in the water. (Stealth+)
You are amphibious.
You can wear up to eight rings at the same time.
You can use your tentacles to constrict eight enemies at once.
Your skin changes colour to match your surroundings (Stealth+).
Your rubbery body absorbs attacks. (AC +1, EV +1)


Message History

Aim: an adder (heavily wounded)
You miscast Magic Dart.
You are very lightly contaminated with residual magic.
You are momentarily dazzled by a flash of light!
You block the adder's attack.
* * * LOW HITPOINT WARNING * * *
You feel sick.
* * * LOW HITPOINT WARNING * * *
You feel sick. You block the adder's attack.
* * * LOW HITPOINT WARNING * * *
You feel sick.
Found 4 gold pieces.
* * * LOW HITPOINT WARNING * * *
You feel sick. You block the adder's attack.
* * * LOW HITPOINT WARNING * * *
You feel sick. You block the adder's attack.
You die...

#...#..... ...........
#.....# ######..... #.#.###
#..... #.#.# #....# #.#.#
#####....# #.#.###
#........# #...S.#
#........# #.....#
#.......)#
#######....@#######........#
...........................#
.....##.....#######.....####
$..$...†$...................
.....##############.....####
.... ####### ... .


You could see an adder.

Vanquished Creatures
  A leopard gecko (D:1)
  2 goblins
  2 hobgoblins (D:1)
  3 bats
  3 frilled lizards (D:1)
  A kobold (D:1)
  2 rats
14 creatures vanquished.

Notes
Turn   | Place    | Note
-------+----------+-------------------------------------------
     0 | D:1      | Pinwins the Octopode Conjurer began the quest for the Orb.
     0 | D:1      | Reached XP level 1. HP: 11/11 MP: 3/3
   687 | D:1      | Reached XP level 2. HP: 13/17 MP: 5/5
  1273 | D:2      | Succumbed to an adder's poison

Levels and vault maps discovered:
D:1:      scummos_arrival_hexagon, layout_basic
D:2:      layout_basic, nicolae_qazlal_style_of_elements

Skill      XL: |  1  2 |
---------------+-------+-----
Stealth        | 3 |  3.0
Dodging        | |  2.1
Spellcasting   | |  2.0
Conjurations   | |  4.4

Action                   || total
-------------------------++-------
Melee: Unarmed           ||    36
       Constrict         ||     9
       Tentacles         ||     8
       Hand crossbow     ||     1
 Cast: Magic Dart        ||     6
  Use: Scroll            ||     2
 Stab: Sleeping          ||     1
Armor: Skin              ||     6
Dodge: Dodged            ||    25
Block: Large shield      ||     7

Table legend:
 A = Non-vault XP
 B = Vault XP
 C = Vault XP percentage of total XP
 D = Non-vault monster count
 E = Vault monster count
 F = Vault count percentage of total count
                 A         B        C        D         E       F
            +---------+---------+-------+---------+---------+-------
      Total |      21 |       0 |   0.0 |      14 |       0 |   0.0
            +---------+---------+-------+---------+---------+-------
        D:1 |      15 |       0 |   0.0 |      10 |       0 |   0.0
        D:2 |       6 |       0 |   0.0 |       4 |       0 |   0.0
            +---------+---------+-------+---------+---------+-------
